AoeStats
← FERMORTE

Black Forest

506573639Analyzed
4v4 RM · 17d ago on Sep 14, 2026· 57m 38s· 8 players
Game mode
Random Map
Map size
Large (8 player)
Population
200
Speed
Normal
Resources
Standard
Victory
Conquest
Starting age
Dark Age
Ending age
Imperial Age
RankedLock teamsTeams togetherTeam positionsShared explorationLock speedFull tech treeHidden civsTurbo modeCheats
Victory
Defeat
675
+10
🇲🇽 Vietnamese · Mexico
664
+11
🇦🇷 Malay · Argentina
657
+11
🇨🇱 Goths · Chile
594
+14
🇲🇽 Turks · Mexico
709
-17
🇲🇽 Romans · Mexico
638
-15
🇧🇷 Jurchens · Brazil
451
-8
🇺🇸 Slavs · United States
390
-6
Mapuche Mayer
0:32 Loom
19:25 Feudal Age
20:18 Double-Bit Axe
21:58 Horse Collar
27:09 Castle Age
25:10 Stone Mining
28:24 Bow Saw
28:56 Stone Shaft Mining
28:24 Heavy Plow
28:08 Fishing Lines
30:26 Forging
30:17 Scale Mail Armor
30:13 Gold Mining
32:13 Wheelbarrow
34:23 Iron Casting
35:34 Chain Mail Armor
40:55 Imperial Age
38:41 Hand Cart
41:08 Ballistics
42:21 Conscription
42:01 Perfusion
43:36 Chemistry
42:47 Masonry
42:35 Heavy Scorpion
43:26 Town Watch
44:49 Blast Furnace
43:40 Fletching
44:20 Town Patrol
46:17 Caravan
46:47 Coinage
48:01 Banking
48:09 Bodkin Arrow
50:04 Architecture
51:19 Two-Man Saw
56:42 Onager
56:42 Capped Ram
santiagocasabsalado
1:37 Loom
14:19 Feudal Age
16:22 Wheelbarrow
15:31 Horse Collar
15:40 Double-Bit Axe
16:48 Gold Mining
16:49 Stone Mining
24:59 Castle Age
25:07 Castle Age
30:29 Caravan
31:42 Hand Cart
36:36 Stone Shaft Mining
38:10 Padded Archer Armor
38:00 Fletching
38:21 Forging
38:16 Scale Barding Armor
40:03 Leather Archer Armor
39:43 Bodkin Arrow
41:21 Squires
40:42 Pikeman
40:45 Elite Skirmisher
44:48 Imperial Age
42:48 Bow Saw
44:42 Chatras
45:32 Elite Fire Lancer
45:33 Halberdier
47:21 Chemistry
46:53 Ring Archer Armor
48:24 Chain Barding Armor
48:05 Bracer
48:41 Iron Casting
48:20 Heavy Plow
49:27 Two-Man Saw
51:31 Elite Battle Elephant
52:58 Bombard Tower
52:41 Scale Mail Armor
54:09 Imperial Skirmisher
56:40 Elite Battle Elephant
abuela con gorro de teemo
3:17 Loom
12:51 Feudal Age
13:24 Double-Bit Axe
17:16 Wheelbarrow
20:17 Castle Age
18:47 Horse Collar
22:29 Heavy Plow
28:16 Bow Saw
34:07 Caravan
35:05 Fletching
35:25 Scale Barding Armor
35:39 Forging
38:13 Ballistics
38:54 Chemistry
37:36 Treadmill Crane
41:11 Imperial Age
40:19 Wagenburg Tactics
41:26 Wheelbarrow
40:37 Town Watch
43:08 Conscription
43:54 Siege Engineers
43:14 Houfnice
43:36 Pikeman
44:57 Iron Casting
44:22 Scale Mail Armor
44:22 Halberdier
47:33 Blast Furnace
46:48 Chain Mail Armor
47:45 Elite Hussite Wagon
48:55 Hand Cart
48:41 Town Patrol
EXCELSIOR!
1:01 Loom
14:19 Feudal Age
14:25 Man-at-Arms
18:10 Double-Bit Axe
18:39 Arson
20:04 Wheelbarrow
23:40 Forging
26:36 Castle Age
24:30 Gold Mining
26:20 Stone Mining
27:53 Long Swordsman
33:20 Squires
35:23 Bow Saw
35:11 Murder Holes
34:57 Treadmill Crane
35:15 Murder Holes
37:05 Iron Casting
37:58 Fishing Lines
42:02 Imperial Age
39:47 Gillnets
40:36 Stone Shaft Mining
40:41 Gold Shaft Mining
41:20 Horse Collar
41:57 Forced Levy
41:57 Two-Handed Swordsman
44:37 Blast Furnace
44:02 Hand Cart
45:50 Pikeman
46:57 Town Watch
46:58 Halberdier
48:09 Caravan
50:12 Ballistics
50:04 Masonry
49:43 Elite Karambit Warrior
52:14 Heavy Plow
55:27 Chemistry
54:31 Town Patrol
55:43 Scale Barding Armor
55:39 Padded Archer Armor
55:30 Fletching
56:44 Crop Rotation
56:27 Guilds
56:47 Coinage
56:23 Thalassocracy
56:44 Conscription
55:56 Sappers
57:22 Heated Shot
57:38 Siege Engineers
57:43 Careening
57:45 Clinker Construction
57:42 Siphons
57:27 Guard Tower
57:57 Bombard Tower
57:58 Shipwright
FERMORTE
0:53 Loom
17:26 Feudal Age
19:54 Wheelbarrow
29:32 Gold Mining
49:23 Double-Bit Axe
58:30 Castle Age
HeadedCornet303
13:37 Feudal Age
14:26 Horse Collar
14:33 Double-Bit Axe
15:18 Gold Mining
22:33 Castle Age
22:13 Stone Mining
26:11 Bow Saw
32:26 Heavy Plow
33:37 Gold Shaft Mining
39:35 Imperial Age
40:05 Caravan
42:08 Two-Man Saw
41:51 Wheelbarrow
41:01 Town Watch
54:53 Heavy Scorpion
mecofundiyo
0:47 Loom
15:05 Feudal Age
16:21 Wheelbarrow
15:30 Horse Collar
15:39 Double-Bit Axe
16:48 Town Watch
20:54 Man-at-Arms
21:59 Scale Mail Armor
22:11 Forging
22:59 Gold Mining
23:00 Stone Mining
34:00 Castle Age
34:59 Hand Cart
35:03 Chain Mail Armor
35:24 Iron Casting
34:12 Long Swordsman
34:55 Squires
36:24 Pikeman
43:37 Imperial Age
41:08 Town Patrol
41:30 Bow Saw
41:58 Gold Shaft Mining
41:26 Heavy Plow
42:00 Caravan
45:24 Blast Furnace
47:18 Conscription
47:23 Legionary
48:31 Husbandry
49:07 Halberdier
54:21 Capped Ram
56:00 Crop Rotation
xValidusx
0:37 Loom
13:01 Feudal Age
20:18 Forging
19:59 Fletching
20:10 Padded Archer Armor
20:10 Scale Mail Armor
23:09 Wheelbarrow
22:20 Town Watch
25:21 Scale Barding Armor
25:30 Bloodlines
29:07 Horse Collar
29:19 Double-Bit Axe
29:55 Gold Mining
29:59 Stone Mining
36:39 Castle Age
38:13 Light Cavalry
38:23 Pikeman
39:05 Squires
41:16 Iron Casting
42:22 Chain Mail Armor
42:05 Bodkin Arrow
43:06 Gold Shaft Mining
Connection lost

Rejoining the realm…

Still unreachable

The connection could not be restored.

Session expired

The server has moved on; the page needs a fresh start.